 Dungeon Crawl Stone Soup version 0.29-a0-344-ge2f44be95a (console) character file.

Game seed: 12305047788847908563

1277 Ignak the Skirmisher (level 8, -4/84 HPs)
             Began as an Ogre Warper on Apr 21, 2022.
             Slain by an orc warrior
             ... wielding a +0 long sword
              (17 damage)
             ... on level 4 of the Dungeon.
             The game lasted 00:12:29 (8632 turns).

Ignak the Skirmisher (Ogre Warper)                  Turns: 8632, Time: 00:12:30

Health: -4/84      AC:  5    Str: 24    XL:     8   Next: 54%
Magic:  12/14      EV: 10    Int: 14    God:
Gold:   247        SH:  0    Dex:  8    Spells: 10/15 levels left

rFire   . . .      SeeInvis .   a - +1 whip (elec)
rCold   . . .      Faith    .   (no shield)
rNeg    . . .      Spirit   .   w - +2 robe {Will+}
rPois   .          Reflect  .   (helmet restricted)
rElec   .          Harm     .   (no cloak)
rCorr   .          Rampage  .   (gloves unavailable)
Will    +....                   (boots unavailable)
Stlth   +.........              (no amulet)
HPRegen 0.24/turn               f - +6 ring of strength
MPRegen 0.14/turn               (no ring)

@: about to teleport
A: large, unfitting armour, tough skin 1
a: no special abilities


You were on level 4 of the Dungeon.
You visited 1 branch of the dungeon, and saw 5 of its levels.

You collected 247 gold pieces.

Inventory:

Hand Weapons
 a - a +1 whip of electrocution (weapon)
 b - a +2 flail of holy wrath
 n - a +2 dagger of flaming
 s - a +0 dire flail of protection
Missiles
 o - a boomerang
 q - 48 stones (quivered)
Armour
 w - a +2 robe of willpower (worn)
Jewellery
 f - a +6 ring of strength (left hand)
Wands
 m - a wand of acid (13)
 t - a wand of flame (21)
 x - a wand of iceblast (11)
Scrolls
 c - 2 scrolls of blinking
 e - a scroll of noise
 g - 5 scrolls of teleportation
 h - 4 scrolls of identify
 i - 2 scrolls of immolation
 j - 2 scrolls of brand weapon
 k - 2 scrolls of enchant weapon
 p - a scroll of enchant armour
 r - 2 scrolls of amnesia
Potions
 d - a potion of degeneration {unknown}
 l - a potion of curing
 u - a potion of ambrosia


   Skills:
 * Level 6.8 Fighting
 * Level 4.7 Maces & Flails
 + Level 3.5 Throwing
 + Level 3.8 Dodging
 - Level 1.0 Unarmed Combat
 + Level 4.4 Spellcasting
 + Level 4.2 Translocations


You had 10 spell levels left.
You knew the following spells:

 Your Spells              Type           Power      Damage    Failure   Level
a - Teleport Other        Tloc           15%        N/A       10%         3
b - Blink                 Tloc           30%        N/A       4%          2

Your spell library contained the following spells:

 Spells                   Type           Power      Damage    Failure   Level
 Apportation              Tloc           30%        N/A       3%          1
 Gell's Gravitas          Tloc           15%        N/A       10%         3
 Lesser Beckoning         Tloc           15%        N/A       10%         3
 Animate Skeleton         Necr           6%         N/A       19%         1
 Summon Small Mammal      Summ           12%        N/A       19%         1
 Manifold Assault         Tloc           15%        N/A       65%         5
 Dispersal                Tloc           7%         N/A       99%         6


Dungeon Overview and Level Annotations

Branches:
Dungeon (5/15)
 Temple: D:4-7

Altars:
Ashenzari
Hepliaklqana
Vehumet


Innate Abilities, Weirdness & Mutations

You are too large for most types of armour.
You have tough skin. (AC +1)


Message History

You start resting.
HP restored.
You can't go up here!
You climb downwards.
The orc warrior hits you with a +0 long sword!!
The orc hits you with a +0 flail. The orc hits you with a +0 club.
The orc warrior hits you with a +0 long sword!
The orc hits you with a +0 flail!
There is a stone staircase leading up, spattered with blood here.
Unknown command.
The orc hits you but does no damage. The orc closely misses you.
The orc warrior hits you with a +0 long sword!
The orc barely misses you.
You climb upwards.
There is a stone staircase leading down, spattered with blood here.
Unknown command.
Unknown command.
Casting: Blink (safe; 4% risk of failure)
Confirm with . or Enter, or press ? or * to list all spells.
You blink.
As you read the scroll of fear, it crumbles to dust.
You assume a fearsome visage.
The orc warrior resists with some effort.
The orc looks frightened! x3
Press: ? - help, v - describe, . - travel
Here: an orc warrior, wielding a +0 long sword and wearing a +0 chain mail The floor.
As you read the scroll of teleportation, it crumbles to dust.
You feel strangely unstable. The orc warrior closely misses you.
You closely miss the orc warrior. Your punch misses the orc warrior.
You closely miss the orc warrior.
The orc warrior hits you with a +0 long sword!
* * * LOW HITPOINT WARNING * * *
You barely miss the orc warrior.
The orc warrior hits you with a +0 long sword!
* * * LOW HITPOINT WARNING * * *
You feel stable enough to blink again.
The orc warrior attacks as you move away!
The orc warrior hits you with a +0 long sword!
You die...

#.#####........#
#.##.....#####.##########
#.##.##.## #..........#
#.##.##.# ##########.#
#...†...# ###.### ####.####
#.....# ####.#### #######
#.#.#.# #.......# #.....#
#.#.#.# #.#.###.# #...@.#
#...#.# #.#.###.#
#...o.#####..##.#
#.#..##.###..[..##........#
#.##.##..oo.o.>[##.###..###
#.##.##..#########.#....#
#.....).........##.#.##.#
####.###..#####.##.#.##.#
#.###..#####.##....).#
######............####.####
#


You could see an orc warrior and 3 orcs.

Vanquished Creatures
  Pikel (D:4)
  Eustachio (D:4)
  Menkaure (D:5)
  2 lemures
  A scorpion (D:5)
  A howler monkey (D:5)
  A hound (D:5)
  2 orc priests
  3 iguanas (D:4)
  Ijyb (D:4)
  Natasha (thrice) (D:4)
  An orc wizard (D:4)
  8 adders
  2 worms
  4 dart slugs
  14 orcs
  7 endoplasms
  A giant cockroach (D:4)
  12 goblins
  9 hobgoblins
  3 jackals (D:2)
  4 quokkas
  9 ball pythons
  2 bats (D:2)
  4 frilled lizards
  6 kobolds
  8 rats
111 creatures vanquished.

Vanquished Creatures (others)
  3 plants (D:3)
3 creatures vanquished.

Grand Total: 114 creatures vanquished

Notes
Turn   | Place    | Note
-------+----------+-------------------------------------------
     0 | D:1      | Ignak the Ogre Warper began the quest for the Orb.
     0 | D:1      | Reached XP level 1. HP: 22/22 MP: 3/3
   231 | D:1      | Reached XP level 2. HP: 29/29 MP: 5/5
   491 | D:1      | Reached skill level 3 in Fighting
   505 | D:1      | You fall into a shaft and drop 1 floor!
   533 | D:2      | Reached XP level 3. HP: 7/37 MP: 6/6
   904 | D:2      | Learned a level 2 spell: Blink
   916 | D:2      | Learned a level 3 spell: Teleport Other
  1322 | D:2      | Found a hazy altar of Hepliaklqana.
  1353 | D:2      | Reached XP level 4. HP: 25/45 MP: 8/8
  1661 | D:2      | Reached skill level 1 in Unarmed Combat
  3128 | D:3      | Found a broken altar of Ashenzari.
  3450 | D:3      | Reached XP level 5. HP: 36/53 MP: 3/9
  3994 | D:4      | Noticed Ijyb
  3998 | D:4      | Killed Ijyb
  4211 | D:4      | Noticed Natasha
  4220 | D:4      | Killed Natasha
  4221 | D:4      | Reached skill level 4 in Fighting
  4384 | D:4      | Reached XP level 6. HP: 53/62 MP: 10/10
  4447 | D:4      | Found a radiant altar of Vehumet.
  4739 | D:3      | HP: 1/62 [orc/+0 hand axe (4)]
  5499 | D:4      | Noticed Pikel
  5509 | D:4      | Killed Pikel
  5510 | D:4      | Reached skill level 5 in Fighting
  5510 | D:4      | Reached XP level 7. HP: 36/72 MP: 10/12
  5697 | D:4      | Noticed Natasha
  5706 | D:4      | Killed Natasha
  5974 | D:4      | Noticed Natasha
  5996 | D:4      | Killed Natasha
  6238 | D:4      | Reached XP level 8. HP: 83/83 MP: 14/14
  6285 | D:5      | Entered Level 5 of the Dungeon
  6285 | D:5      | Found a runed translucent door.
  6637 | D:5      | Reached skill level 6 in Fighting
  6752 | D:5      | Noticed Eustachio
  7397 | D:4      | Killed Eustachio
  8122 | D:5      | Noticed Menkaure
  8128 | D:5      | Killed Menkaure
  8632 | D:4      | Slain by an orc warrior

Illustrated notes

Levels and vault maps discovered:
D:1:      amcnicky_arrival_gap_in_the_tavern_cellar, layout_basic
D:2:      layout_loops_cross, basic_altar
D:3:      layout_loops_ring, mainiacjoe_overflow_cross_hatched,
          minmay_starry_boxes
D:4:      layout_loops_cross, vehumet_altar_wand_db, uniq_ijyb, uniq_natasha,
          uniq_pikel
D:5:      layout_basic, lightli_church_of_beogh, uniq_eustachio, uniq_menkaure

Skill      XL: |  1  2  3  4  5  6  7  8 |
---------------+-------------------------+-----
Fighting       | 3 4 5 6 |  6.8
Maces & Flails | 2 3 4 |  4.7
Translocations | 3 4 |  4.2
Unarmed Combat | 1 |  1.0
Spellcasting   | 3 4 |  4.4
Throwing       | 2 3 |  3.5
Dodging        | 3 |  3.8

Action                   |  1- 3 |  4- 6 |  7- 9 || total
-------------------------+-------+-------+-------++-------
Melee: Mace              |   100 |    53 |       ||   153
       Punch             |     1 |     1 |     2 ||     4
       Flail             |       |    73 |       ||    73
       Dagger            |       |    16 |       ||    16
       Dire flail        |       |    77 |       ||    77
       Whip              |       |       |   111 ||   111
Throw: Boomerang         |     4 |     3 |       ||     7
       Stone             |       |     9 |     2 ||    11
 Cast: Teleport Other    |       |     6 |       ||     6
       Blink             |       |     9 |     1 ||    10
Evoke: Wand              |       |    11 |     3 ||    14
  Use: Scroll            |       |       |    11 ||    11
       Potion            |       |       |     6 ||     6
 Stab: Sleeping          |     2 |       |       ||     2
Armor: Robe              |    46 |    66 |    79 ||   191
Dodge: Dodged            |    60 |   117 |   114 ||   291

Table legend: (Time is in decaauts)
 A = Elapsed time spent in this place.
 B = Non-inter-level travel time spent in this place.
 C = Inter-level travel time spent in this place.
 D = Time resting spent in this place.
 E = Time spent auto-exploring this place.
 F = Levels seen in this place.
 G = Mean time per level.
                   A        B        C        D        E       F      G
               +--------+--------+--------+--------+--------+-----+--------+
         Total |   8713 |   8659 |     54 |   3193 |   3924 |   5 | 1742.6 |
       Dungeon |   8713 |   8659 |     54 |   3193 |   3924 |   5 | 1742.6 |
               +--------+--------+--------+--------+--------+-----+--------+

Top non-repeatable levels by time:
     D:4: 2650 daAuts
     D:3: 2349 daAuts
     D:2: 1773 daAuts
     D:5: 1427 daAuts
     D:1: 512 daAuts
